 Dungeon Crawl Stone Soup version 0.29-a0-344-ge2f44be95a (webtiles) character file.

Game seed: 1049295356555136977

38989 Morbidden the Grappler (level 13, -8/130 HPs)
             Began as a Troll Earth Elementalist on Apr 22, 2022.
             Shot with an arrow by a centaur warrior (14 damage)
             ... on level 11 of the Dungeon.
             The game lasted 00:34:49 (17362 turns).

Morbidden the Grappler (Troll Earth Elementalist)  Turns: 17362, Time: 00:34:49

Health: -8/130     AC:  6    Str: 24 (25) XL:     13   Next: 66%
Magic:  0/20       EV: 15    Int: 13 (15) God:
Gold:   1150       SH:  0    Dex:  9 (10) Spells: 11/23 levels left

rFire   . . .      SeeInvis .     - Unarmed
rCold   . . .      Faith    .   (no shield)
rNeg    . . .      Spirit   +   p - +0 animal skin
rPois   .          Reflect  .   J - +0 hat
rElec   .          Harm     .   s - +1 cloak
rCorr   .          Rampage  .   (gloves unavailable)
Will    .....                   (boots unavailable)
Stlth   ++........              N - amulet of guardian spirit
HPRegen 1.11/turn               u - +4 ring of evasion
MPRegen 0.17/turn               D - +6 ring of strength

@: no status effects
A: large, unfitting armour, claws 3, regeneration 1, shaggy fur 1, tough skin 1
a: no special abilities


You were on level 11 of the Dungeon.
You visited 3 branches of the dungeon, and saw 16 of its levels.
You also visited: Sewer and Bailey.

You collected 1247 gold pieces.
You spent 97 gold pieces at shops.

Inventory:

Missiles
 a - 270 stones
 e - 8 boomerangs (quivered)
 x - a throwing net
 Q - 3 poisoned darts
 W - 9 large rocks
Armour
 p - a +0 animal skin (worn)
 s - a +1 cloak (worn)
 A - a scarf of repulsion
 J - a +0 hat (worn)
Jewellery
 u - a +4 ring of evasion (left claw)
 B - a ring of flight
 D - a +6 ring of strength (right claw)
 E - a ring of poison resistance
 G - a ring of wizardry
 H - an amulet of faith
 N - an amulet of guardian spirit (around neck)
 T - a ring of fire
Wands
 d - a wand of flame (21)
 t - a wand of polymorph (5)
 F - a wand of digging (9)
 K - a wand of iceblast (1)
 R - a wand of mindburst (7)
 U - a wand of acid (2)
Scrolls
 f - 5 scrolls of immolation
 g - 9 scrolls of noise
 m - a scroll of summoning
 q - 6 scrolls of teleportation
 y - 5 scrolls of enchant weapon
 I - 2 scrolls of fog
 L - 3 scrolls of enchant armour
 M - 7 scrolls of identify
 O - 2 scrolls of holy word
 S - a scroll of magic mapping
Potions
 b - 3 potions of haste
 c - 3 potions of magic
 h - 3 potions of cancellation
 i - 2 potions of degeneration
 j - 4 potions of resistance
 k - 6 potions of might
 n - 8 potions of flight
 o - a potion of lignification
 r - 2 potions of brilliance
 v - a potion of invisibility {unknown}
 w - a potion of attraction {unknown}
 z - 4 potions of mutation
 C - 4 potions of curing
 V - a potion of ambrosia {unknown}


   Skills:
 * Level 8.8 Fighting
 + Level 2.1 Throwing
 * Level 7.1 Dodging
 + Level 3.2 Stealth
 * Level 10.4 Unarmed Combat
 * Level 5.9 Spellcasting
 * Level 4.6 Conjurations
 * Level 4.3 Transmutations
 * Level 8.1 Earth Magic
 * Level 0.9 Poison Magic


You had 11 spell levels left.
You knew the following spells:

 Your Spells              Type           Power      Damage    Failure   Level
a - Sandblast             Erth           50%        2d12      1%          1
b - Stone Arrow           Conj/Erth      40%        3d9       3%          3
c - Petrify               Tmut/Erth      20%        N/A       13%         4
d - Olgreb's Toxic Radia  Pois           6%         N/A       75%         4

Your spell library contained the following spells:

 Spells                   Type           Power      Damage    Failure   Level
 Passwall                 Tmut/Erth      16%        N/A       1%          2
 Wereblood                Tmut           15%        N/A       4%          2
 Sting                    Tmut/Pois      40%        1d5       6%          1
 Static Discharge         Conj/Air       9%         N/A       10%         2
 Animate Skeleton         Necr           6%         N/A       17%         1
 Apportation              Tloc           6%         N/A       17%         1
 Pain                     Necr           12%        1d4       17%         1
 Summon Small Mammal      Summ           12%        N/A       17%         1
 Poisonous Vapours        Pois/Air       10%        N/A       22%         2
 Sublimation of Blood     Necr           3%         N/A       26%         2
 Vampiric Draining        Necr           3%         2d6       45%         3
 Sticky Flame             Conj/Fire      9%         2d3       54%         4
 Dispel Undead            Necr           3%         3d7       86%         4
 Summon Hydra             Summ           1%         N/A       100%        7


Dungeon Overview and Level Annotations

Branches:
Dungeon (11/15)            Temple (1/1) D:4            Lair (4/6) D:8
  Snake (0/4) Lair:4          Orc (0/2) D:9           Sewer (visited)
 Bailey (visited)
  Swamp: Lair:2-4    Shoals: Lair:2-4

Altars:
Ashenzari
Cheibriados
Dithmenos
Elyvilon
Fedhas
Gozag
Hepliaklqana
Kikubaaqudgha
Makhleb
Nemelex Xobeh
Okawaru
Qazlal
Ru
Sif Muna
Trog
Uskayaw
Vehumet
Wu Jian
Xom
Yredelemnul
Zin
The Shining One

Shops:
D:1 !   D:4 (   D:9 [

Annotations:
D:9 2 runed translucent doors
Lair:4 Nergalle


Innate Abilities, Weirdness & Mutations

You are too large for most types of armour.
You have claws for hands.
Your natural rate of healing is unusually fast.
You are covered in fur. (AC +1)
You have tough skin. (AC +1)


Message History

Your manticore claws the deep elf pyromancer!
Your manticore claws the deep elf pyromancer.
Unknown command.
Unknown command.
You feel much better.
Your manticore burns!
A vampire appears from thin air!
Reactivating autopickup.
The killer bee misses you.
The centaur warrior shoots an arrow.
The arrow hits your manticore.
The killer bee stings you but does no damage.
The vampire hits you from afar with a +0 demon trident!!
* * * LOW HITPOINT WARNING * * *
The deep elf pyromancer hits your manticore with a +0 dagger.
The ogre mage mumbles some strange words.
The ogre mage flickers and vanishes!
Deactivating autopickup; reactivate with Ctrl-A.
The centaur warrior shoots an arrow.
The arrow hits your manticore!
Your manticore bites the deep elf pyromancer!
Your manticore closely misses the deep elf pyromancer.
Your manticore misses the deep elf pyromancer.
Unknown command.
Unknown command.
Unknown command.
Unknown command.
Unknown command.
Unknown command.
Unknown command.
Okay, then.
You feel better.
Your surroundings suddenly seem different.
Unknown command.
Unknown command.
Unknown command.
You see here 10 gold pieces.
The centaur warrior shouts!
The centaur warrior shoots an arrow.
The arrow hits you!!
* * * LOW HITPOINT WARNING * * *
The centaur warrior shoots an arrow.
The arrow hits you!
You die...

#######....############..#..C
#).................#...
#..................#.°.
#..................#°##
#..................c.y.
#............c..../#.##
#..................#...
#####..............###.
#.@................
##.................
#####..............###
#.....................
#..........[###.......
#....[....).# #.......
#####)...)..# #.......
#.).....# ....... #....)..#
.....


You could see a centaur warrior.

Vanquished Creatures
  A rakshasa (D:11)
  2 boulder beetles
  2 two-headed ogres
  A wizard (D:11)
  2 cyclopes (D:11)
  2 orc knights (Bailey)
  A gargoyle (D:10)
  A black mamba (Lair:1)
  7 cane toads
  An unseen horror (D:10)
  6 komodo dragons
  A kobold demonologist (D:11)
  An efreet (D:11)
  A tengu conjurer (D:11)
  A meliai (D:11)
  3 trolls
  A polar bear (Lair:1)
  3 hornets
  A blink frog (Lair:1)
  2 shadows
  2 wraiths
  18 yaks
  3 wyverns
  A vampire (D:11)
  2 basilisks
  3 acid dragons (D:11)
  4 wargs
  3 water moccasins
  A sky beast (D:7)
  2 black bears
  9 orc warriors
  2 ice beasts (D:7)
  8 centaurs
  13 wolves
  A phantom (D:6)
  A necrophage (D:6)
  15 bullfrogs
  A gnoll sergeant (D:11)
  A scorpion (D:6)
  8 wights (D:6)
  19 killer bees
  A howler monkey (D:6)
  A jelly (D:8)
  12 hounds
  9 orc priests
  A gnoll shaman (Lair:1)
  7 orc wizards
  A merfolk avatar (Sewer)
  A merfolk siren (Sewer)
  Robin (D:3)
  7 gnolls
  9 adders
  A river rat (Sewer)
  2 shadow imps
  3 worms
  A dart slug (D:3)
  62 orcs
  18 ball pythons
  6 endoplasms
  5 giant cockroaches
  17 goblins
  9 hobgoblins
  4 jackals (D:1)
  4 kobolds
  2 quokkas
  4 bats
  9 frilled lizards
  32 rats
  A spectral goblin (D:1)
387 creatures vanquished.

Vanquished Creatures (collateral kills)
  2 orc knights
  A deep elf pyromancer (D:11)
  A manticore (D:11)
  2 trolls (D:11)
  A basilisk (D:11)
  A yak (D:11)
  A boggart (shapeshifter) (D:11)
  A centaur (D:11)
  An orc wizard (D:11)
11 creatures vanquished.

Vanquished Creatures (others)
  A goblin (D:3)
  14 fungi
  26 plants
41 creatures vanquished.

Grand Total: 439 creatures vanquished

Notes
Turn   | Place    | Note
-------+----------+-------------------------------------------
     0 | D:1      | Morbidden the Troll Earth Elementalist began the quest for
                  | the Orb.
     0 | D:1      | Reached XP level 1. HP: 16/16 MP: 1/1
   175 | D:1      | Reached XP level 2. HP: 22/26 MP: 2/2
   627 | D:1      | Found Quqid's Distillery.
   681 | D:1      | Found a faded altar of an unknown god.
   830 | D:1      | Bought a potion of heal wounds for 55 gold pieces
   977 | D:2      | Reached XP level 3. HP: 32/32 MP: 4/4
   981 | D:2      | Learned a level 3 spell: Stone Arrow
  1093 | D:2      | Reached skill level 1 in Unarmed Combat
  1438 | D:3      | Reached XP level 4. HP: 40/40 MP: 1/5
  1476 | D:3      | Noticed Robin
  1493 | D:3      | Killed Robin
  1532 | D:3      | Found a glowing silver altar of Zin.
  1540 | D:3      | Found a hide-covered altar of Uskayaw.
  1585 | D:3      | Found a glowing drain.
  1646 | Sewer    | Entered a sewer
  1729 | Sewer    | Reached skill level 1 in Fighting
  1771 | Sewer    | Reached XP level 5. HP: 33/48 MP: 6/6
  2281 | D:3      | Reached skill level 2 in Unarmed Combat
  3048 | D:4      | Found Wenoihau's Weapon Shoppe.
  3056 | D:4      | Bought 6 boomerangs for 42 gold pieces
  3112 | D:4      | Found a staircase to the Ecumenical Temple.
  3148 | Temple   | Entered the Ecumenical Temple
  3332 | D:4      | Reached XP level 6. HP: 55/55 MP: 0/8
  3731 | D:4      | Found a shimmering blue altar of Sif Muna.
  3738 | D:4      | Found a sacrificial altar of Ru.
  4268 | D:5      | Entered Level 5 of the Dungeon
  4298 | D:5      | Found a sparkling altar of Nemelex Xobeh.
  4332 | D:5      | Reached skill level 1 in Conjurations
  4477 | D:5      | Reached XP level 7. HP: 62/62 MP: 5/9
  4842 | D:5      | Learned a level 4 spell: Petrify
  5203 | D:6      | Noticed a wraith
  5227 | D:6      | Killed a wraith
  5228 | D:6      | Reached skill level 3 in Unarmed Combat
  5228 | D:6      | Reached skill level 1 in Transmutations
  5268 | D:6      | Reached skill level 5 in Earth Magic
  5268 | D:6      | Reached XP level 8. HP: 65/72 MP: 5/11
  5310 | D:6      | Found a basalt altar of Yredelemnul.
  5448 | D:6      | Reached skill level 4 in Unarmed Combat
  5722 | D:6      | Noticed a troll
  5732 | D:6      | Killed a troll
  6040 | D:6      | Reached XP level 9. HP: 80/80 MP: 6/13
  6547 | D:7      | Reached skill level 5 in Unarmed Combat
  6898 | D:7      | Found the +7 Singing Sword {vorpal, sonic wave}
  7062 | D:8      | Found a staircase to the Lair.
  8479 | Lair:1   | Entered Level 1 of the Lair of Beasts
  8479 | Lair:1   | Noticed a komodo dragon
  8492 | Lair:1   | Killed a komodo dragon
  8493 | Lair:1   | Reached XP level 10. HP: 91/91 MP: 4/15
  8763 | Lair:1   | Reached skill level 6 in Unarmed Combat
  9526 | Lair:1   | Noticed a cane toad
  9531 | Lair:1   | Killed a cane toad
  9830 | Lair:1   | Noticed a black mamba
  9846 | Lair:1   | Killed a black mamba
  9847 | Lair:1   | Reached skill level 1 in Throwing
 10228 | Lair:1   | Reached skill level 5 in Dodging
 10485 | Lair:2   | Noticed a cane toad
 10502 | Lair:2   | Killed a cane toad
 10519 | Lair:2   | Reached skill level 7 in Unarmed Combat
 10649 | Lair:2   | You fall into a shaft and drop 2 floors!
 10669 | Lair:4   | Reached skill level 5 in Spellcasting
 10732 | Lair:4   | Noticed Nergalle
 10926 | Lair:4   | Noticed a cane toad
 10929 | Lair:4   | Noticed a four-headed hydra
 10942 | Lair:4   | Noticed a cane toad
 10973 | Lair:3   | Noticed a cane toad
 10982 | Lair:3   | Killed a cane toad
 10983 | Lair:3   | Reached XP level 11. HP: 33/95 MP: 9/17
 11155 | Lair:4   | Found a staircase to the Snake Pit.
 11961 | Lair:2   | Noticed a five-headed hydra
 12303 | Lair:2   | Found an iron altar of Okawaru.
 12476 | Lair:2   | Reached skill level 8 in Unarmed Combat
 12949 | D:9      | Identified the +8 rapier of Xicioq {drain, rC+}
 12962 | D:9      | Noticed a two-headed ogre
 12971 | D:9      | Killed a two-headed ogre
 13071 | D:9      | Found a flagged portal.
 13074 | D:9      | Found Xumeo's Armour Boutique.
 13106 | Bailey   | Entered a bailey
 13233 | Bailey   | Reached skill level 9 in Unarmed Combat
 13355 | Bailey   | Noticed an orc knight
 13590 | Bailey   | Killed an orc knight
 13596 | Bailey   | Noticed an orc knight
 13632 | Bailey   | Noticed an orc knight
 13718 | Bailey   | Killed an orc knight
 13757 | Bailey   | Killed an orc knight
 14164 | D:9      | Found a runed translucent door.
 14270 | D:9      | Reached XP level 12. HP: 92/110 MP: 12/19
 14628 | D:9      | Reached skill level 5 in Fighting
 14660 | D:9      | Found a staircase to the Orcish Mines.
 14824 | D:9      | Found a runed translucent door.
 14949 | D:10     | Entered Level 10 of the Dungeon
 15021 | D:10     | Paralysed by a hornet for 1 turns
 15552 | D:10     | Reached XP level 13. HP: 46/128 MP: 11/20
 15886 | D:10     | Learned a level 4 spell: Olgreb's Toxic Radiance
 16920 | D:11     | Reached skill level 10 in Unarmed Combat
 17348 | D:11     | HP: 1/130 [something (32)]
 17362 | D:11     | HP: 6/130 [centaur warrior/arrow (18)]
 17362 | D:11     | Shot with an arrow by a centaur warrior

Illustrated notes

Levels and vault maps discovered:
D:1:      heliophobic_arrival_dark_side_of_the_moon, layout_basic,
          dreamdust_ecumenical_altar_drowned_temple, serial_shops,
          nicolae_shop_advertising_works [nicolae_subvault_shop_adworks],
          nrook_loot_triangle
D:2:      layout_basic
D:3:      layout_loops_ring, mainiacjoe_overflow_catwalk_spiral,
          cheibrodos_sewer_entry_sluice, minmay_fractal_squares_diagonal_5,
          uniq_robin
D:4:      layout_basic, amethyst_overflow_temple_binary,
          minmay_temple_entry_mini_moons, serial_shops, shop_fountains
D:5:      layout_basic, mainiacjoe_overflow_boulevard
D:6:      layout_cave_pools, yredelemnul_altar_generic, serial_column_ruins,
          column_ruins_hut, column_ruins_hut, column_ruins_open_small,
          column_ruins_corridor_straight, column_ruins_columns_straight,
          column_ruins_columns_dead_end, column_ruins_open_small_water
D:7:      layout_cave_pools
D:8:      layout_basic, erik_lair_orcish_takeover
D:9:      cheibrodos_histonic, layout_loops_ring, erik_orc_3, serial_shops,
          shop, enter_bailey_5
D:10:     layout_long_grid
D:11:     minmay_the_grid_square_5x5_5x5_mashed
          [minmay_the_grid_square_5x5_three,
          minmay_the_grid_square_5x5_two_walls_a,
          minmay_the_grid_square_5x5_tri_point,
          minmay_the_grid_square_5x5_eight_small,
          minmay_the_grid_square_5x5_mess,
          minmay_the_grid_square_5x5_sharp_hourglass,
          minmay_the_grid_square_5x5_prize_waves,
          minmay_the_grid_square_5x5_inner_z,
          minmay_the_grid_square_5x5_prize_deathbox,
          minmay_the_grid_square_5x5_broken_cross,
          minmay_the_grid_square_5x5_dogpile,
          minmay_the_grid_square_5x5_trominoes,
          minmay_the_grid_square_5x5_prize_rear_guard,
          minmay_the_grid_square_5x5_minibox,
          minmay_the_grid_square_5x5_hollow_slash,
          minmay_the_grid_square_5x5_doubleslash,
          minmay_the_grid_square_5x5_prize_junk,
          minmay_the_grid_square_5x5_inverted_slash,
          minmay_the_grid_square_5x5_prize_open,
          minmay_the_grid_square_5x5_shrine1, minmay_the_grid_square_5x5_comb,
          minmay_the_grid_square_5x5_inset,
          minmay_the_grid_square_5x5_six_small, minmay_the_grid_square_5x5_meh,
          minmay_the_grid_square_5x5_minimal], layout_basic,
          okawaru_metal_pillars_3
Temple:   regret_index_temple_sphere_string
Lair:1:   wad_woods_structure_01, layout_hall_layers, minivault_19,
          dreamdust_gnoll_shepherd
Lair:2:   layout_misc_corridors, basic_altar, beast_lair_carwin_10,
          lemuel_fruit_fields, grunt_megastairs_3
Lair:3:   layout_cellular_growth, minmay_swamp_entry_worms
Lair:4:   layout_concentric_octagons, guppyfry_snake_entry_island, st_stairs_10,
          grunt_megastairs_5, uniq_nergalle

Skill      XL: |  1  2  3  4  5  6  7  8  9 10 11 12 13 |
---------------+----------------------------------------+-----
Earth Magic    | 3 4 5 6 7 8 |  8.1
Unarmed Combat | 1 2 3 4 5 7 9 10 | 10.4
Dodging        | 2 3 4 5 6 7 |  7.1
Fighting       | 1 2 3 4 8 |  8.8
Spellcasting   | 2 3 4 5 |  5.9
Conjurations   | 1 2 3 4 |  4.6
Transmutations | 1 2 3 4 |  4.3
Stealth        | 2 3 |  3.2
Throwing       | 1 2 |  2.1
Poison Magic   | |  0.9

Action                   |  1- 3 |  4- 6 |  7- 9 | 10-12 | 13-15 || total
-------------------------+-------+-------+-------+-------+-------++-------
Melee: Unarmed           |    73 |   148 |   253 |   612 |   140 ||  1226
       Punch             |     1 |     1 |    10 |    37 |     9 ||    58
Throw: Boomerang         |       |    16 |     8 |    23 |    18 ||    65
       Dart              |       |       |       |    21 |    27 ||    48
 Cast: Sandblast         |    23 |    78 |    54 |    23 |     2 ||   180
       Stone Arrow       |       |     1 |    30 |    66 |     1 ||    98
       Petrify           |       |       |     3 |    20 |     2 ||    25
Evoke: Wand              |       |       |       |     4 |     3 ||     7
  Use: Scroll            |     1 |     9 |     5 |    13 |     6 ||    34
       Potion            |       |     1 |     1 |     4 |    14 ||    20
 Stab: Sleeping          |     3 |     1 |       |     1 |       ||     5
       Petrified         |       |       |    12 |    32 |     7 ||    51
       Petrifying        |       |       |       |     1 |     1 ||     2
       Distracted        |       |       |       |       |     1 ||     1
Armor: Robe              |    29 |    15 |       |       |       ||    44
       Animal skin       |       |    46 |    78 |   105 |    31 ||   260
       Skin              |       |       |       |       |    42 ||    42
Dodge: Dodged            |    47 |   104 |   192 |   420 |   130 ||   893

Table legend: (Time is in decaauts)
 A = Elapsed time spent in this place.
 B = Non-inter-level travel time spent in this place.
 C = Inter-level travel time spent in this place.
 D = Time resting spent in this place.
 E = Time spent auto-exploring this place.
 F = Levels seen in this place.
 G = Mean time per level.
                   A        B        C        D        E       F      G
               +--------+--------+--------+--------+--------+-----+--------+
         Total |  17337 |  16805 |    532 |   2803 |  10212 |  18 |  963.2 |
       Dungeon |  11458 |  11097 |    361 |   1291 |   7484 |  11 | 1041.6 |
        Temple |    164 |    146 |     18 |      0 |    131 |   1 |  164.0 |
          Lair |   4295 |   4142 |    153 |   1476 |   1790 |   4 | 1073.8 |
         Sewer |    627 |    627 |      0 |      3 |    369 |   1 |  627.0 |
        Bailey |    791 |    791 |      0 |     33 |    436 |   1 |  791.0 |
               +--------+--------+--------+--------+--------+-----+--------+

Top non-repeatable levels by time:
  Lair:1: 2026 daAuts
    D:10: 1733 daAuts
     D:9: 1286 daAuts
     D:8: 1209 daAuts
     D:4: 1182 daAuts
     D:6: 1179 daAuts
  Lair:2: 998 daAuts
     D:3: 944 daAuts
     D:7: 939 daAuts
  Lair:3: 928 daAuts
     D:5: 924 daAuts
     D:1: 868 daAuts
  Bailey: 791 daAuts
    D:11: 655 daAuts
   Sewer: 627 daAuts
